Map: Dusk Towers

Players

Shura (Scarlett) - Winner!

  • Race: Zerg Zerg
  • League: Grandmaster

State

  • Race: Protoss Protoss

VOD

Have the link to the VOD?

Description

Time

  • Played on: Jan. 9, 2016, 2:26 p.m.
  • Length: 10:58
Show
View Real Time Build Order
Export as new Build Order

Shura Zerg - Winner!

Build Orders: Hatch First, Lurkers 

Get SALT Encoding   

  12  0:00  Drone  
  13  0:08  Drone  
  14  0:17  Overlord  
  14  0:23  Drone, Extractor  
  15  0:36  Drone x2  
  17  0:51  Hatchery  
  17  0:54  Drone  
  17  0:57  Drone  
  18  1:10  Spawning Pool  
  17  1:14  Drone  
  17  1:16  Drone  
  19  1:26  Drone  
  20  1:38  Hatchery  
  19  1:43  Drone  
  20  1:50  Overlord  
  20  1:57  Queen  
  22  2:04  Queen  
  22  2:07  Drone  
  25  2:09  Zergling x2  
  25  2:13  Drone  
  25  2:14  Drone  
  28  2:22  Drone  
  29  2:27  Drone  
  30  2:33  Queen  
  32  2:39  Queen  
  32  2:41  Drone  
  32  2:42  Drone  
  32  2:43  Overlord  
  36  2:49  Queen  
  38  2:51  Drone  
  38  2:54  Zergling x2  
  38  2:58  Drone x2  
  42  3:04  Drone x2  
  44  3:06  Drone  
  44  3:10  Queen  
  44  3:11  Zergling x2  
  48  3:13  Zergling x2  
  48  3:15  Zergling x2  
  50  3:21  Overlord  
  50  3:36  Overlord  
  50  3:37  Extractor x2  
  50  3:38  Extractor  
  50  3:39  Drone x6  
  50  3:41  Drone x4  
  57  3:52  Drone  
  57  3:53  Overlord  
  57  3:55  Overlord, Drone  
  58  3:58  Drone  
  58  3:59  Drone x2  
  62  4:04  Drone  
  62  4:05  Drone x3  
  62  4:07  Overlord  
  66  4:11  Extractor  
  66  4:14  Drone x2  
  68  4:17  Lair, Drone x2  
  68  4:20  Drone x2  
  71  4:32  Metabolic Boost  
  71  4:33  Hatchery, Drone  
  71  4:34  Drone  
  71  4:35  Drone  
  71  4:37  Drone  
  74  4:40  Drone x2  
  74  4:45  Evolution Chamber  
  75  4:46  Drone  
  75  4:48  Evolution Chamber  
  75  4:51  Drone  
  75  4:52  Drone x5  
  81  4:59  Drone  
  82  5:00  Drone x3  
  82  5:02  Evolution Chamber  
  84  5:08  Drone x5, Extractor  
  84  5:09  Extractor  
  84  5:11  Overlord x2  
  86  5:21  Zerg Missile Weapons Level 1  
  86  5:22  Zerg Ground Armor Level 1  
  86  5:25  Overlord  
  86  5:26  Hydralisk Den  
  85  5:29  Queen  
  85  5:30  Zerg Melee Weapons Level 1  
  85  5:33  Drone x2  
  85  5:34  Spore Crawler, Overseer  
  88  5:36  Spore Crawler  
  88  5:39  Drone x6  
  93  5:47  Overlord  
  93  5:48  Overlord x2  
  93  5:52  Drone  
  93  5:53  Drone x5, Spore Crawler  
  98  5:58  Lurker Den  
  98  5:59  Hydralisk  
  98  6:00  Hydralisk  
  102  6:05  Hydralisk x2  
  102  6:08  Queen  
  108  6:12  Spore Crawler, Drone  
  108  6:13  Hydralisk x2  
  112  6:20  Drone x4  
  112  6:21  Drone x2  
  116  6:25  Hydralisk  
  116  6:26  Hydralisk x2  
  116  6:30  Hydralisk  
  124  6:35  Overlord  
  124  6:38  Extractor  
  123  6:40  Extractor  
  123  6:41  Overlord x4  
  120  6:48  Overlord x2  
  120  6:49  Drone  
  120  6:50  Drone x4  
  120  6:52  Hydralisk  
  127  7:01  Hydralisk  
  127  7:02  Hydralisk x3  
  127  7:07  Drone  
  136  7:12  Hatchery, Drone x2  
  137  7:19  Zerg Ground Armor Level 2, Zerg Missile Weapons Level 2  
  137  7:20  Drone x2  
  138  7:26  Lurker x7  
  138  7:27  Overlord x2  
  138  7:29  Drone x2  
  147  7:33  Drone x2  
  147  7:35  Zerg Melee Weapons Level 2  
  149  7:38  Zergling x20  
  149  7:41  Lurker  
  149  7:43  Overseer  
  160  7:44  Overseer  
  160  7:46  Extractor  
  160  7:48  Lurker, Spine Crawler x2, Zergling x2, Extractor  
  160  7:49  Zergling x6  
  160  7:50  Spine Crawler  
  160  7:53  Zergling x14  
  167  8:00  Lurker x2  
  167  8:02  Hydralisk x2  
  173  8:05  Zergling x2  
  173  8:06  Zergling x6  
  177  8:15  Zergling x6  
  177  8:16  Infestation Pit, Zergling x2  
  179  8:25  Zergling x2  
  179  8:26  Zergling x14  
  185  8:34  Hydralisk x6  
  183  8:42  Zergling x6  
  183  8:46  Overseer x2  
  182  8:53  Overseer  
  182  8:55  Pneumatized Carapace  
  182  8:58  Spine Crawler  
  182  8:59  Spine Crawler  
  182  9:01  Spine Crawler  
  176  9:05  Overseer  
  176  9:06  Overseer  
  174  9:11  Spine Crawler x2  
  172  9:18  Lurker x9  
  172  9:20  Zergling x30  
  196  9:25  Hatchery  
  196  9:26  Hive  
  195  9:34  Zergling x2  
  195  9:35  Zergling x6  
  199  9:48  Spine Crawler  
  198  9:55  Zergling x2  
  198  9:56  Zergling x2  
  200  10:00  Overseer x3  
  200  10:02  Spine Crawler x2  
  200  10:03  Spine Crawler  
  178  10:19  Zergling x2  
  178  10:20  Zergling x22  
  181  10:25  Zergling x8  
  169  10:33  Zergling x8  
Show
View Real Time Build Order
Export as new Build Order

State Protoss 

Build Orders: Nexus First 

Get SALT Encoding   

  12  0:01  Probe (Chrono Boost)  
  13  0:11  Probe (Chrono Boost)  
  14  0:19  Pylon  
  14  0:22  Probe (Chrono Boost)  
  15  0:37  Probe (Chrono Boost)  
  16  0:48  Probe (Chrono Boost)  
  17  0:57  Nexus  
  17  1:01  Probe (Chrono Boost)  
  18  1:10  Gateway  
  18  1:13  Probe (Chrono Boost)  
  19  1:18  Assimilator  
  19  1:24  Probe (Chrono Boost)  
  20  1:28  Assimilator  
  20  1:35  Probe (Chrono Boost)  
  20  1:39  Gateway  
  21  1:45  Probe (Chrono Boost)  
  22  1:56  Probe (Chrono Boost)  
  22  1:57  Cybernetics Core  
  23  2:08  Probe (Chrono Boost)  
  23  2:09  Probe (Chrono Boost)  
  23  2:10  Zealot (Chrono Boost)  
  27  2:19  Probe  
  27  2:21  Probe  
  29  2:30  Probe  
  29  2:33  Probe  
  29  2:35  Adept x2 (Chrono Boost)  
  29  2:36  Warp Gate  
  35  2:41  Pylon  
  35  2:43  Probe  
  36  2:46  Probe (Chrono Boost)  
  37  2:54  Pylon  
  37  2:56  Probe (Chrono Boost)  
  38  3:01  Sentry x2  
  38  3:02  Probe (Chrono Boost)  
  43  3:07  Probe (Chrono Boost)  
  43  3:12  Probe (Chrono Boost)  
  45  3:17  Probe (Chrono Boost)  
  46  3:23  Probe (Chrono Boost)  
  47  3:28  Probe (Chrono Boost)  
  47  3:33  Probe (Chrono Boost), Nexus  
  49  3:35  Pylon  
  49  3:38  Probe (Chrono Boost)  
  49  3:41  Assimilator  
  50  3:44  Probe (Chrono Boost)  
  50  3:45  Assimilator  
  51  3:49  Probe (Chrono Boost)  
  52  3:55  Stargate  
  52  3:56  Stargate  
  52  3:57  Probe (Chrono Boost)  
  52  3:59  Probe (Chrono Boost)  
  54  4:08  Mothership Core (Chrono Boost)  
  56  4:10  Probe (Chrono Boost)  
  56  4:14  Gateway  
  57  4:18  Gateway  
  57  4:20  Probe (Chrono Boost)  
  58  4:24  Pylon  
  58  4:26  Probe (Chrono Boost), Pylon  
  59  4:32  Probe (Chrono Boost)  
  59  4:37  Probe (Chrono Boost)  
  61  4:42  Probe, Phoenix x2 (Chrono Boost)  
  61  4:44  Sentry, Probe  
  61  4:45  Adept  
  70  4:48  Probe  
  72  4:54  Probe  
  72  4:57  Twilight Council  
  74  5:00  Probe, Forge  
  74  5:06  Probe  
  77  5:07  Phoenix (Chrono Boost)  
  77  5:08  Phoenix (Chrono Boost)  
  77  5:09  Probe  
  77  5:12  Probe  
  81  5:18  Robotics Facility  
  81  5:19  Probe  
  81  5:20  Probe  
  83  5:24  Probe  
  84  5:29  Phoenix (Chrono Boost)  
  84  5:33  Probe  
  84  5:34  Probe, Protoss Ground Weapons Level 1 (Chrono Boost)  
  87  5:36  Probe, Assimilator  
  87  5:38  Assimilator  
  87  5:39  Charge  
  89  5:45  Probe x2  
  91  5:50  Probe  
  91  5:55  Probe  
  92  6:00  Pylon x2  
  92  6:02  Pylon  
  93  6:06  Gateway  
  93  6:07  Gateway  
  93  6:09  Gateway  
  93  6:13  Warp Prism  
  93  6:18  Probe, Phoenix x2  
  100  6:27  Gateway x2  
  100  6:30  Gateway  
  100  6:33  Probe x2  
  100  6:34  Templar Archives  
  100  6:35  Gateway  
  100  6:36  Probe  
  103  6:44  Robotics Facility  
  99  6:47  Robotics Bay  
  99  6:51  Zealot x4  
  99  6:53  Observer  
  110  7:07  Pylon x2  
  108  7:09  Pylon  
  108  7:12  Dark Shrine, Zealot x2  
  108  7:13  Zealot x2  
  108  7:14  Pylon  
  108  7:15  Pylon  
  116  7:16  Pylon  
  116  7:26  Protoss Ground Weapons Level 2 (Chrono Boost)  
  116  7:27  Zealot x3  
  122  7:30  Nexus  
  122  7:35  Zealot  
  122  7:36  Zealot x3  
  130  7:45  Disruptor x2 (Chrono Boost)  
  136  7:58  Zealot x3  
  136  7:59  Zealot x4  
  150  8:16  Disruptor x2 (Chrono Boost)  
  144  8:21  Zealot x6  
  144  8:24  Dark Templar x2  
  134  8:47  Disruptor x2 (Chrono Boost)  
  130  8:48  Probe x2  
  130  8:49  Assimilator  
  130  8:54  Assimilator  
  124  8:59  Zealot x2  
  124  9:00  Zealot x8  
  142  9:14  Observer Gravitic Boosters  
  140  9:18  Warp Prism (Chrono Boost)  
  140  9:19  Warp Prism (Chrono Boost)  
  144  9:25  Probe x3  
  145  9:46  High Templar x2  
  145  9:47  High Templar x4  
  145  9:50  Immortal x2 (Chrono Boost)  
  145  9:51  Zealot x5  
  175  9:55  Archon x3  
  163  10:04  Probe x2  
  164  10:23  Zealot x8  
  164  10:27  Zealot x3  
  170  10:30  Observer (Chrono Boost)  
Tags
 
Add a new tag
Caveats
  • Supply blocks, unpowered buildings, or Contaminate may cause inaccurate times.
  • Supply counts are checked every 10 seconds.